 Dungeon Crawl Stone Soup version 0.31-a0-188-g5e087ee2ca (webtiles) character file.

Game seed: 9005470438467207602

30 qw the Shooter (level 3, -1/20 HPs)
             Began as a Deep Elf Hunter on June 22, 2023.
             Killed from afar by Natasha (9 damage)
             ... with a magic dart
             ... on level 1 of the Dungeon.
             The game lasted 00:00:16 (786 turns).

qw the Shooter (Deep Elf Hunter)                     Turns: 786, Time: 00:00:17

Health: -1/20      AC:  3    Str: 10    XL:     3   Next: 3%
Magic:  5/5        EV: 12    Int: 13    God:
Gold:   54         SH:  0    Dex: 18    Spells: 2/2 levels left

rFire   . . .        Y - +0 shortbow
rCold   . . .        (shield currently unavailable)
rNeg    . . .        c - +0 leather armour
rPois   .            (no helmet)
rElec   .            (no cloak)
rCorr   .            (no gloves)
SInv    .            (no boots)
Will    .....        (no amulet)
Stlth   ++           (no ring)
HPRegen 0.23/turn    (no ring)
MPRegen 0.09/turn

%: no passive effects
@: lethally poisoned (-1 -> -4)
A: no striking features
a: no special abilities


You were on level 1 of the Dungeon.
You visited 1 branch of the dungeon, and saw 2 of its levels.

You collected 54 gold pieces.


   Skills:
 - Level 1.5 Fighting
 + Level 6.6 Ranged Weapons
 - Level 2.4 Dodging
 - Level 1.2 Stealth


You had 2 spell levels left.
You didn't know any spells.
Your spell library was empty.

Inventory:

Hand Weapons
 Y - a +0 shortbow (weapon)
Armour
 c - a +0 leather armour (worn)
Scrolls
 a - 2 scrolls of identify

Dungeon Overview and Level Annotations

Branches:
Dungeon (2/15)

Altars:

Annotations:
D:1 Natasha


Message History

Natasha is lightly wounded.
The kobold shouts!
The adder bites you.
Natasha casts a spell.
You shoot an arrow. The arrow hits Natasha.
Natasha is heavily wounded.
The adder barely misses you.
An endoplasm comes into view.
Natasha howls an incantation.
Natasha's front paws start to glow.
Natasha claws you. The adder closely misses you.
781 ||| STAIRDANCE The endoplasm closely misses you.
The adder misses you. The cerulean imp barely misses you.
Natasha closely misses you.
You climb upwards.
The cerulean imp disappears in a puff of smoke!
There is a stone staircase leading down here.
Enter note:
Enter note:
Enter note:
Enter note:
Enter note: You shoot an arrow.
The arrow misses Natasha.
The adder bites you. The endoplasm misses you. Natasha barely misses you.
You shoot an arrow. The arrow barely misses Natasha.
The adder misses you.
The endoplasm hits you but does no damage.
Natasha misses you. The adder bites you.
You are poisoned.
The adder poisons you!
You shoot an arrow. The arrow hits Natasha.
Natasha is almost dead.
You feel sick. The endoplasm hits you. The adder closely misses you.
Natasha mumbles some strange words.
You shoot an arrow. The arrow barely misses Natasha.
You feel sick. The endoplasm completely misses you.
The adder closely misses you.
Natasha stares at you and mumbles some strange words.
The magic dart hits you!
You die...

# #.....# #.##...####''######..#
# #.....# #..###...........##.###
###.....####.###...######........
............................#####
........#...#..######.......#
.....#..#...##..#####.#.###.#
##P###..#...###.......#.....#
..P..#.##....).S.J##.########
.#.#.#.##......h@.##.#######
.....#.##..................#
##.###.####......5.........#
_PP..#.# #................# #
##)###.####................# #
..P..#.#..........##.############
.#P#.#...####.##.###.##..........
..P..#.#.# #.##.#...............
##.###...# #.##.#...............


You could see Natasha, a cerulean imp (summoned), an adder and an endoplasm.

Vanquished Creatures
  A gnoll (D:1)
  2 ball pythons
  An endoplasm (D:1)
  5 hobgoblins (D:1)
  2 jackals (D:1)
  2 kobolds (D:1)
  A quokka (D:1)
  2 goblins (D:1)
  2 rats (D:1)
18 creatures vanquished.

Notes
Turn   | Place    | Note
-------+----------+-------------------------------------------
     0 | D:1      | qw the Deep Elf Hunter began the quest for the Orb.
     0 | D:1      | Reached XP level 1. HP: 12/12 MP: 3/3
     0 | D:1      | 0 ||| qw: Version: 0.3-a-9-g12657ce
     0 | D:1      | 0 ||| qw: Game counter: 2857
     0 | D:1      | 0 ||| qw: Always use a shield: true
     0 | D:1      | 0 ||| qw: God list: Okawaru
     0 | D:1      | 0 ||| qw: Allow faded altars: false
     0 | D:1      | 0 ||| qw: Do Orc after D:15 true
     0 | D:1      | 0 ||| qw: Do second Lair branch before Depths: true
     0 | D:1      | 0 ||| qw: Lair rune preference: random
     0 | D:1      | 0 ||| qw: Plans: Normal
     0 | D:1      | 0 ||| PLANNING D:1-11
    24 | D:1      | Reached skill level 6 in Ranged Weapons
    24 | D:1      | Reached XP level 2. HP: 16/16 MP: 4/4
   208 | D:1      | Found a faded altar of an unknown god.
   423 | D:1      | 423 ||| READING 3 scrolls labelled XOMYSIM SOWNANN.
   424 | D:1      | 424 ||| READING scroll labelled KYPIEM HEOQU.
   425 | D:1      | 425 ||| DROPPING scroll of butterflies.
   737 | D:1      | Reached XP level 3. HP: 20/20 MP: 5/5
   776 | D:2      | Noticed Natasha
   781 | D:2      | 781 ||| STAIRDANCE
   786 | D:1      | Killed from afar by Natasha

Levels and vault maps discovered:
D:1:      lightli_arrival_noodles, layout_basic,
          shapermc_ecumenical_altar_mp_urbaneastern, grunt_decor_cap
D:2:      layout_loops_ring, uniq_sigmund, uniq_natasha

Skill      XL: |  1 |
---------------+----+-----
Ranged Weapons | 6 |  6.6
Fighting       | |  1.5
Dodging        | |  2.4
Stealth        | |  1.2

Action                     || total
---------------------------++-------
   Fire: Shortbow          ||    47
    Use: Scroll            ||     2
 Armour: Leather armour    ||     3
  Dodge: Dodged            ||    20

Table legend:
 A = Non-vault XP
 B = Vault XP
 C = Vault XP percentage of total XP
 D = Non-vault monster count
 E = Vault monster count
 F = Vault count percentage of total count
                 A         B        C        D         E       F
            +---------+---------+-------+---------+---------+-------
      Total |      43 |       0 |   0.0 |      18 |       0 |   0.0
            +---------+---------+-------+---------+---------+-------
        D:1 |      42 |       0 |   0.0 |      17 |       0 |   0.0
        D:2 |       1 |       0 |   0.0 |       1 |       0 |   0.0
            +---------+---------+-------+---------+---------+-------
